 Dungeon Crawl Stone Soup version 0.31.0-11-ge490571c62 (webtiles) character file.

Game seed: 10765333963544596544

987 qw the Shooter (level 7, -4/35 HPs)
             Began as a Spriggan Hunter on Feb 3, 2024.
             Was a Follower of Okawaru.
             Slain by an orc
             ... wielding a +0 falchion
              (5 damage)
             ... on level 6 of the Dungeon.
             The game lasted 00:00:16 (3051 turns).

qw the Shooter (Spriggan Hunter)                    Turns: 3051, Time: 00:00:17

Health: -4/35      AC:  4    Str:  7    XL:     7   Next: 97%
Magic:  10/10      EV: 27    Int: 11    God:    Okawaru [*.....]
Gold:   99         SH:  0    Dex: 20    Spells: 6/6 levels left

rFire   . . .        f - +4 shortbow (flame)
rCold   + . .        (shield currently unavailable)
rNeg    . . .        k - +2 robe {Will+}
rPois   .            (helmet restricted)
rElec   .            (no cloak)
rCorr   .            (gloves unavailable)
SInv    +            (boots unavailable)
Will    ++...        (no amulet)
Stlth   ++           g - +5 ring of evasion
HPRegen 0.25/turn    j - ring of protection from cold
MPRegen 0.12/turn

%: no passive effects
@: about to teleport, very quick
A: very small, no large weapons, unfitting armour, see invisible, speed 3
a: Renounce Religion, Heroism


You were on level 6 of the Dungeon.
You worshipped Okawaru.
Okawaru was aware of your devotion.
You visited 1 branch of the dungeon, and saw 6 of its levels.

You collected 195 gold pieces.
You spent 96 gold pieces at shops.


Innate Abilities, Weirdness & Mutations

You are very small and have problems with some larger weapons.
You are too small for most types of armour.
You have supernaturally acute eyesight. (SInv)
You cover ground extremely quickly. (Speed+++)


   Skills:
 - Level 2.3 Fighting
 + Level 7.3 Ranged Weapons
 - Level 7.2 Dodging
 - Level 1.5 Stealth
 + Level 3.6 Invocations


You had 6 spell levels left.
You didn't know any spells.
Your spell library was empty.

Inventory:

Hand Weapons
 f - a +4 shortbow of flaming (weapon)
Armour
 k - a +2 robe of willpower (worn)
Jewellery
 b - a ring of willpower
 g - a +5 ring of evasion (left hand)
 j - a ring of protection from cold (right hand)
 Y - a ring of positive energy
Scrolls
 c - a scroll of identify
 e - 3 scrolls of teleportation
Potions
 a - 5 potions of curing
 h - 2 potions of haste
 i - a potion of mutation

Dungeon Overview and Level Annotations

Branches:
Dungeon (6/15)
 Temple: D:4-7

Altars:
Gozag
Nemelex Xobeh
Okawaru
Zin

Shops:
D:5 [


Message History

The orc barely misses you.
You shoot an arrow. The arrow hits the gnoll.
The arrow burns the gnoll.
The gnoll is severely wounded.
A gnoll comes into view. It is wielding a +1 heavy spear.
A gnoll comes into view. It is wielding a +0 whip.
The orc completely misses you. The gnoll misses you.
You shoot an arrow. The arrow closely misses the gnoll.
The orc completely misses you. The gnoll hits you but does no damage.
A scorpion comes into view.
Enter note:
Enter note:
3045 ||| RETREEEEATING.
The orc attacks as it pursues you! The orc hits you with a +0 falchion.
The gnoll attacks as it pursues you! The gnoll closely misses you.
The gnoll hits you with a +0 halberd!
Things that are here:
a +0 orcbow; a centaur corpse You shoot an arrow.
The arrow completely misses the gnoll.
The gnoll completely misses you. The gnoll barely misses you.
The orc misses you.
You shoot an arrow. The arrow barely misses the gnoll.
The gnoll hits you with a +0 halberd! The gnoll hits you with a +4 whip.
The orc closely misses you. The gnoll closely misses you.
You shoot an arrow. The arrow closely misses the gnoll.
The orc misses you. The gnoll closely misses you.
The gnoll hits you with a +4 whip!
3049 ||| READING 4 scrolls of teleportation.
As you read the scroll of teleportation, it crumbles to dust.
You feel strangely unstable. The gnoll barely misses you.
The orc closely misses you. The gnoll hits you with a +4 whip.
The gnoll misses you.
You shoot an arrow. The arrow hits the gnoll!
The arrow burns the gnoll.
You kill the gnoll!
Okawaru accepts your kill. The gnoll completely misses you.
The orc completely misses you. The gnoll barely misses you.
You shoot an arrow. The arrow barely misses the scorpion.
The scorpion stings you but does no damage.
The gnoll completely misses you. The orc hits you with a +0 falchion.
You die...

#.# #.## #..## #...#
## #.#.# ######### ..)
#.#.# #.......#.# ....
#g#.###...#.#.#.#
..<..
#g#.............#
#...#@####....#.#.#.##
#.so# #........#...
##.g# ##....#..#...
#..# #........#...
#..####............
#.....)........#...
#...#)#........[...
..<..............#.
#...#.#.......#..##


You could see a scorpion, 3 gnolls and an orc.

Vanquished Creatures
  A black bear (D:6)
  A centaur (D:6)
  2 phantoms (D:5)
  A gnoll sergeant (D:5)
  A scorpion (D:3)
  A bombardier beetle (D:4)
  4 hounds
  A gnoll bouda (D:5)
  A jelly (D:4)
  2 orc wizards
  An iguana (D:6)
  5 adders
  10 gnolls
  A white imp (D:6)
  3 ufetubi
  A dart slug (D:1)
  A ribbon worm (D:3)
  7 orcs
  4 ball pythons
  3 endoplasms
  5 goblins
  7 hobgoblins
  4 kobolds
  8 quokkas
  8 bats
  3 frilled lizards (D:1)
  7 rats
93 creatures vanquished.

Vanquished Creatures (others)
  A sleepcap (D:6)
1 creature vanquished.

Grand Total: 94 creatures vanquished

Notes
Turn   | Place    | Note
-------+----------+-------------------------------------------
     0 | D:1      | qw the Spriggan Hunter began the quest for the Orb.
     0 | D:1      | Reached XP level 1. HP: 10/10 MP: 2/2
     0 | D:1      | 0 ||| qw: Version: 0.3-a-157-g843a77d
     0 | D:1      | 0 ||| qw: Game counter: 3824
     0 | D:1      | 0 ||| qw: Melee chars always use a shield: true
     0 | D:1      | 0 ||| qw: God list: Okawaru
     0 | D:1      | 0 ||| qw: Allow faded altars: false
     0 | D:1      | 0 ||| qw: Do Orc after clearing Dungeon:15 true
     0 | D:1      | 0 ||| qw: Do second Lair branch before Depths: true
     0 | D:1      | 0 ||| qw: Lair rune preference: random
     0 | D:1      | 0 ||| qw: Goals: Normal
     0 | D:1      | 0 ||| PLANNING D:1-11
    59 | D:1      | Reached skill level 3 in Dodging
   224 | D:1      | Reached XP level 2. HP: 14/14 MP: 3/3
   321 | D:1      | Found a faded altar of an unknown god.
   484 | D:1      | 484 ||| READING 3 scrolls labelled EQAAFRIROX.
   484 | D:1      | 484 ||| IDENTIFYING murky golden potion
   485 | D:1      | 485 ||| READING 2 scrolls of identify.
   485 | D:1      | 485 ||| IDENTIFYING green potion
   486 | D:1      | 486 ||| READING scroll of identify.
   486 | D:1      | 486 ||| IDENTIFYING 2 puce potions
   487 | D:1      | 487 ||| READING scroll labelled IDIAWI KUNEOSUYDD.
   487 | D:1      | Identified a scroll of acquirement
   487 | D:1      | 487 ||| ACQUIRING +4 shortbow of electrocution
   487 | D:1      | Acquired a +4 shortbow of electrocution
   489 | D:1      | 489 ||| SWAPPING to +4 shortbow of electrocution.
   490 | D:1      | 490 ||| DROPPING +0 shortbow.
   491 | D:1      | 491 ||| READING scroll labelled QUNLESTIUM.
   492 | D:1      | 492 ||| DROPPING scroll of butterflies.
   493 | D:1      | 493 ||| DROPPING 2 potions of lignification.
   494 | D:1      | 494 ||| DROPPING potion of attraction.
   496 | D:1      | 496 ||| Stepping ~*~*~tactically~*~*~ (cloud).
   497 | D:1      | 497 ||| DRINKING potion of curing.
   497 | D:1      | 497 ||| (to cure poison)
   499 | D:1      | 499 ||| Stepping ~*~*~tactically~*~*~ (cloud).
   504 | D:1      | HP: 3/14 [poisoned by you (poison gas)]
   614 | D:2      | Found an opulent altar of Gozag.
   900 | D:2      | Reached XP level 3. HP: 18/18 MP: 4/4
  1367 | D:2      | 1367 ||| UPGRADING to +5 ring of evasion.
  1368 | D:2      | 1368 ||| READING 2 scrolls of identify.
  1368 | D:2      | 1368 ||| IDENTIFYING cyan potion
  1369 | D:2      | 1369 ||| READING scroll of identify.
  1369 | D:2      | 1369 ||| IDENTIFYING fuming white potion
  1370 | D:2      | 1370 ||| READING scroll labelled DAUPTOKKUUKU.
  1371 | D:2      | 1371 ||| READING 2 scrolls labelled LEYKHL BIWINIMN.
  1375 | D:2      | 1375 ||| DROPPING potion of berserk rage.
  1459 | D:3      | Reached XP level 4. HP: 22/22 MP: 5/5
  1523 | D:3      | 1523 ||| FLEEEEING.
  1551 | D:3      | Found a glowing silver altar of Zin.
  1597 | D:3      | Noticed a scorpion
  1603 | D:3      | Killed a scorpion
  1604 | D:3      | Reached skill level 6 in Dodging
  1604 | D:3      | Reached XP level 5. HP: 25/25 MP: 6/6
  1784 | D:3      | You fall into a shaft and drop 2 floors!
  1784 | D:5      | Entered Level 5 of the Dungeon
  1804 | D:5      | Found an iron altar of Okawaru.
  1804 | D:5      | Found a sparkling altar of Nemelex Xobeh.
  1805 | D:5      | 1805 ||| PLANNING OKAWARU WORSHIP
  1805 | D:5      | 1805 ||| UPGRADING to ring of positive energy.
  1806 | D:5      | 1806 ||| READING scroll of identify.
  1806 | D:5      | 1806 ||| IDENTIFYING scroll labelled NEGALIDDUAMU
  1807 | D:5      | 1807 ||| DROPPING scroll of blinking.
  1811 | D:5      | Became a worshipper of Warmaster Okawaru
  1812 | D:5      | 1812 ||| PLANNING D:1-11
  1919 | D:5      | 1919 ||| RETREEEEATING.
  1920 | D:5      | 1920 ||| RETREEEEATING.
  1921 | D:5      | 1921 ||| RETREEEEATING.
  1923 | D:5      | 1923 ||| RETREEEEATING.
  1924 | D:5      | 1924 ||| RETREEEEATING.
  1930 | D:5      | Reached XP level 6. HP: 31/31 MP: 7/7
  1950 | D:5      | 1950 ||| READING scroll labelled UCUYM FEARPH.
  1950 | D:5      | 1950 ||| BRANDING +4 shortbow of electrocution.
  2336 | D:4      | Reached skill level 6 in Ranged Weapons
  2594 | D:4      | 2594 ||| READING scroll of identify.
  2594 | D:4      | 2594 ||| IDENTIFYING 2 bubbling clear potions
  2595 | D:4      | 2595 ||| READING scroll labelled COURCH NADAZAI.
  2683 | D:5      | 2683 ||| RETREEEEATING.
  2693 | D:5      | Reached * piety under Okawaru
  2696 | D:5      | Reached XP level 7. HP: 35/35 MP: 8/8
  2755 | D:5      | Reached skill level 1 in Invocations
  2765 | D:5      | Found Ysuegid's Antique Armour Boutique.
  2772 | D:5      | 2772 ||| BUYING glowing robe (96 gold).
  2772 | D:5      | Bought a glowing robe for 96 gold pieces
  2925 | D:5      | 2925 ||| UPGRADING to +2 robe of willpower.
  2935 | D:5      | 2935 ||| DROPPING +0 robe.
  2936 | D:5      | 2936 ||| UPGRADING to ring of protection from cold.
  2938 | D:5      | 2938 ||| READING scroll labelled WIUSUM XONGET.
  2938 | D:5      | 2938 ||| ENCHANTING +4 shortbow of flaming.
  3032 | D:6      | Reached skill level 3 in Invocations
  3045 | D:6      | 3045 ||| RETREEEEATING.
  3048 | D:6      | HP: 6/35 [gnoll/+4 whip[a gnoll bouda] (7)]
  3049 | D:6      | 3049 ||| READING 4 scrolls of teleportation.
  3049 | D:6      | HP: 1/35 [gnoll/+4 whip[a gnoll bouda] (6)]
  3051 | D:6      | Slain by an orc

Levels and vault maps discovered:
D:1:      giann_wishing_wells, layout_basic, ebering_ecumenical_altar_box,
          hex_intersection
D:2:      layout_loops_ring, basic_altar, minmay_misc_feat_plants,
          small_statue_intersection, corexii_hall_statues_l, minivault_27,
          chequers_serial_rivers_room_a
D:3:      layout_basic, lemuel_crystal_altar, minmay_between
D:4:      layout_rooms, minivault_27, minmay_misc_feat_doors
D:5:      layout_rooms, gammafunk_temple_overflow_wave, serial_shops,
          nicolae_diamond_shop
D:6:      layout_rooms, nicolae_dithmenos_the_darkroom, kennysheep_mini_moat,
          serial_glass, glass_columns_a, glass_columns_b, glass_columns_a,
          glass_columns_c, glass_columns_c, glass_columns_a, glass_columns_a,
          glass_columns_a, glass_columns_a, glass_columns_a

Skill      XL: |  1  2  3  4  5  6  7 |
---------------+----------------------+-----
Dodging        | 3 4 6 7 |  7.2
Ranged Weapons | 5 7 |  7.3
Fighting       | 2 |  2.3
Invocations    | 3 |  3.6
Stealth        | |  1.5

Action                     |  1- 3 |  4- 6 |  7- 9 || total
---------------------------+-------+-------+-------++-------
   Fire: Shortbow          |    66 |    89 |    61 ||   216
    Use: Scroll            |     9 |     4 |     2 ||    15
         Potion            |     1 |       |       ||     1
 Armour: Robe              |       |     3 |    17 ||    20
  Dodge: Dodged            |    12 |    14 |    40 ||    66

Table legend:
 A = Non-vault XP
 B = Vault XP
 C = Vault XP percentage of total XP
 D = Non-vault monster count
 E = Vault monster count
 F = Vault count percentage of total count
                 A         B        C        D         E       F
            +---------+---------+-------+---------+---------+-------
      Total |    1395 |      15 |   1.1 |      89 |       5 |   5.3
            +---------+---------+-------+---------+---------+-------
        D:1 |      30 |       0 |   0.0 |      18 |       0 |   0.0
        D:2 |      50 |       0 |   0.0 |      17 |       0 |   0.0
        D:3 |     145 |      15 |   9.4 |      14 |       5 |  26.3
        D:4 |     169 |       0 |   0.0 |      11 |       0 |   0.0
        D:5 |     549 |       0 |   0.0 |      16 |       0 |   0.0
        D:6 |     452 |       0 |   0.0 |      13 |       0 |   0.0
            +---------+---------+-------+---------+---------+-------
